TOP OF THE 1ST |
Chicago Cubs batting - Pitching for Los Angeles Dodgers : RHP Jeremy Stock
|
Pitching: RHP Jeremy Stock
|
|
Batting: RHB David Casas
|
0-0: Ball 1-0: Ball 2-0: Called Strike 2-1: Foul Ball, location: 2F 2-2: Foul Ball, location: 2F 2-2: Ball 3-2: Base on Balls
|
Batting: SHB Moe Lester
|
0-0: Called Strike 0-1: Foul Ball, location: 2F 0-2: Foul Ball, location: 2F 0-2: Fly out, F9 (Flyball, 89M, EV 81.9 MPH)
|
Batting: RHB Efrain Vargas
|
0-0: Ball 1-0: Called Strike 1-1: Ball 2-1: Foul Ball, location: 2F 2-2: Foul Ball, location: 2F 2-2: SINGLE (Line Drive, 56D, EV 98.8 MPH) David Casas to second Runner from 2nd tries for 3rd, SAFE, throw by LF made to third
|
Batting: LHB Kevin Norton
|
0-0: Swinging Strike 0-1: Ball 1-1: SINGLE (Groundball, 34D, EV 101.2 MPH) (infield hit) David Casas scores Efrain Vargas to second
|
Batting: RHB Steve Bartman Jr.
|
0-0: Ball 1-0: Ball 2-0: Foul Ball, location: 2F 2-1: Ball 3-1: Foul Ball, location: 2F 3-2: Grounds into double play, 6-4-3 (Groundball, 6, EV 89.4 MPH)
|
Top of the 1st over - 1 run, 2 hits, 0 errors, 1 left on base; Chicago 1 - Los Angeles 0 |
BOTTOM OF THE 1ST |
Los Angeles Dodgers batting - Pitching for Chicago Cubs : LHP Unkei Wakamatsu
|
Pitching: LHP Unkei Wakamatsu
|
|
Batting: RHB Tim Nettles
|
0-0: Ball 1-0: Ball 2-0: Foul Ball, location: 2F 2-1: DOUBLE (Groundball, 5L, EV 102.5 MPH)
|
Batting: SHB Shane Marcum
|
0-0: Ground out 5-3 (Groundball, 56, EV 96.9 MPH)
|
Batting: SHB Joel Baker
|
0-0: Ball 1-0: SINGLE (Line Drive, 4M, EV 95.6 MPH) Tim Nettles to third
|
Batting: RHB Danny Dyer
|
0-0: DOUBLE (Line Drive, 9LS, EV 111.2 MPH) Tim Nettles scores Joel Baker to third
|
Batting: RHB Ben Mischnick
|
0-0: Ball Wild Pitch! Joel Baker scores Danny Dyer to third 1-0: Foul Ball, location: 2F 1-1: Fly out, F9 (Flyball, 9D, EV 95.0 MPH) Runner from 3rd tags up, SCORES, no throw by RF
|
Batting: RHB Tsutomu Irie
|
0-0: Foul Ball, location: 2F 0-1: Ball 1-1: Ball 2-1: Ball 3-1: DOUBLE (Groundball, 3L, EV 93.8 MPH)
|
Batting: RHB John Piccolo
|
0-0: Called Strike 0-1: Ground out 5-3 (Groundball, 56, EV 86.9 MPH)
|
Bottom of the 1st over - 3 runs, 4 hits, 0 errors, 1 left on base; Chicago 1 - Los Angeles 3 |
TOP OF THE 2ND |
Chicago Cubs batting - Pitching for Los Angeles Dodgers : RHP Jeremy Stock
|
Batting: RHB Alan Oxenrider
|
0-0: Ground out 4-3 (Groundball, 4, EV 100.0 MPH)
|
Batting: RHB Heef Harted
|
0-0: Called Strike 0-1: Bunt - Flyout to P! F1
|
Batting: RHB Xavier Davis
|
0-0: Ball 1-0: Ball 2-0: Ball 3-0: Called Strike 3-1: Base on Balls
|
Batting: LHB Andy Arbuckle
|
0-0: Called Strike 0-1: Called Strike 0-2: Foul Ball, location: 2F 0-2: Ball Xavier Davis steals 2nd base (no throw) 1-2: Strikes out swinging
|
Top of the 2nd over - 0 runs, 0 hits, 0 errors, 1 left on base; Chicago 1 - Los Angeles 3 |
BOTTOM OF THE 2ND |
Los Angeles Dodgers batting - Pitching for Chicago Cubs : LHP Unkei Wakamatsu
|
Batting: LHB Stephen Van Raalte
|
0-0: Called Strike 0-1: Ball 1-1: Ball 2-1: Foul Ball, location: 2F 2-2: Foul Ball, location: 2F 2-2: Strikes out swinging
|
Batting: RHB Leonardo Nava
|
0-0: Ball 1-0: Ball 2-0: Called Strike 2-1: Swinging Strike 2-2: Strikes out swinging
|
Batting: RHB Tim Nettles
|
0-0: Called Strike 0-1: Ball 1-1: Called Strike 1-2: Ball 2-2: Fly out, F9 (Flyball, 9S, EV 86.2 MPH)
|
Bottom of the 2nd over - 0 runs, 0 hits, 0 errors, 0 left on base; Chicago 1 - Los Angeles 3 |
TOP OF THE 3RD |
Chicago Cubs batting - Pitching for Los Angeles Dodgers : RHP Jeremy Stock
|
Batting: RHB David Casas
|
0-0: Ball 1-0: Called Strike 1-1: Called Strike 1-2: Foul Ball, location: 2F 1-2: Strikes out swinging
|
Batting: SHB Moe Lester
|
0-0: Ball 1-0: Fly out, F8 (Flyball, 8LXD, EV 97.5 MPH)
|
Batting: RHB Efrain Vargas
|
0-0: Ball 1-0: Foul Ball, location: 2F 1-1: Swinging Strike 1-2: Foul Ball, location: 2F 1-2: Strikes out swinging
|
Top of the 3rd over - 0 runs, 0 hits, 0 errors, 0 left on base; Chicago 1 - Los Angeles 3 |
BOTTOM OF THE 3RD |
Los Angeles Dodgers batting - Pitching for Chicago Cubs : LHP Unkei Wakamatsu
|
Batting: SHB Shane Marcum
|
0-0: Ball 1-0: Ball 2-0: Foul Ball, location: 2F 2-1: Swinging Strike 2-2: Ball 3-2: Foul Ball, location: 2F 3-2: Ground out 6-3 (Groundball, 6M, EV 78.8 MPH)
|
Batting: SHB Joel Baker
|
0-0: Ball 1-0: Swinging Strike 1-1: Ball 2-1: Foul Ball, location: 2F 2-2: Ball 3-2: Foul Ball, location: 2F 3-2: Strikes out looking
|
Batting: RHB Danny Dyer
|
0-0: Foul Ball, location: 2F 0-1: Ball 1-1: Foul Ball, location: 2F 1-2: Ball 2-2: Ball 3-2: Fly out, F8 (Flyball, 89M, EV 68.8 MPH)
|
Bottom of the 3rd over - 0 runs, 0 hits, 0 errors, 0 left on base; Chicago 1 - Los Angeles 3 |
TOP OF THE 4TH |
Chicago Cubs batting - Pitching for Los Angeles Dodgers : RHP Jeremy Stock
|
Batting: LHB Kevin Norton
|
0-0: Foul Ball, location: 2F 0-1: SOLO HOME RUN (Flyball, 7LD, EV 94.4 MPH), Distance : 363 ft
|
Batting: RHB Steve Bartman Jr.
|
0-0: Ball 1-0: Called Strike 1-1: Ball 2-1: Foul Ball, location: 2F 2-2: Fly out, F9 (Flyball, 9D, EV 90.0 MPH)
|
Batting: RHB Alan Oxenrider
|
0-0: Called Strike 0-1: Swinging Strike 0-2: Ball 1-2: Foul Ball, location: 2F 1-2: Ball 2-2: Ball 3-2: Strikes out looking
|
Batting: RHB Heef Harted
|
0-0: Called Strike 0-1: Foul Ball, location: 2F 0-2: Strikes out looking
|
Top of the 4th over - 1 run, 1 hit, 0 errors, 0 left on base; Chicago 2 - Los Angeles 3 |
BOTTOM OF THE 4TH |
Los Angeles Dodgers batting - Pitching for Chicago Cubs : LHP Unkei Wakamatsu
|
Batting: RHB Ben Mischnick
|
0-0: DOUBLE (Line Drive, 7LS, EV 96.9 MPH)
|
Batting: RHB Tsutomu Irie
|
0-0: Ball 1-0: Foul Ball, location: 2F 1-1: Swinging Strike 1-2: Ball 2-2: Foul Ball, location: 2F 2-2: Ball 3-2: Foul Ball, location: 2F 3-2: Ground out 3-1 (Groundball, 34, EV 79.4 MPH) Ben Mischnick to third
|
Batting: RHB John Piccolo
|
0-0: Intentional Walk
|
Batting: LHB Stephen Van Raalte
|
0-0: Called Strike 0-1: Called Strike 0-2: Foul Ball, location: 2F 0-2: Ball 1-2: Foul Ball, location: 2F 1-2: Ball 2-2: Strikes out swinging
|
Batting: RHB Leonardo Nava
|
0-0: Foul Ball, location: 2F 0-1: Swinging Strike 0-2: Strikes out swinging
|
Bottom of the 4th over - 0 runs, 1 hit, 0 errors, 2 left on base; Chicago 2 - Los Angeles 3 |
TOP OF THE 5TH |
Chicago Cubs batting - Pitching for Los Angeles Dodgers : RHP Jeremy Stock
|
Batting: RHB Xavier Davis
|
0-0: Foul Ball, location: 2F 0-1: Ground out 5-3 (Groundball, 56S, EV 85.0 MPH)
|
Batting: LHB Andy Arbuckle
|
0-0: Ball 1-0: Ball 2-0: Ball 3-0: Base on Balls
|
Batting: RHB David Casas
|
0-0: Called Strike 0-1: Ball 1-1: Swinging Strike 1-2: Foul Ball, location: 2F 1-2: Foul Ball, location: 2F 1-2: Foul Ball, location: 2F 1-2: Ball 2-2: Fly out, F9 (Flyball, 9D, EV 98.8 MPH)
|
Batting: SHB Moe Lester
|
0-0: Swinging Strike 0-1: Called Strike 0-2: Ball 1-2: Fly out, F8 (Flyball, 8RD, EV 102.5 MPH)
|
Top of the 5th over - 0 runs, 0 hits, 0 errors, 1 left on base; Chicago 2 - Los Angeles 3 |
BOTTOM OF THE 5TH |
Los Angeles Dodgers batting - Pitching for Chicago Cubs : LHP Unkei Wakamatsu
|
Batting: RHB Tim Nettles
|
0-0: Called Strike 0-1: Foul Ball, location: 2F 0-2: Ball 1-2: Strikes out swinging
|
Batting: SHB Shane Marcum
|
0-0: Ball 1-0: Swinging Strike 1-1: Ball 2-1: Foul Ball, location: 2F 2-2: Ball 3-2: SINGLE (Groundball, 56D, EV 101.9 MPH) (infield hit)
|
Batting: SHB Joel Baker
|
0-0: Called Strike 0-1: Ball 1-1: Foul Ball, location: 2F 1-2: Foul Ball, location: 2F 1-2: Strikes out looking
|
Batting: RHB Danny Dyer
|
0-0: Called Strike 0-1: Ground out 5-3 (Groundball, 56S, EV 62.5 MPH)
|
Bottom of the 5th over - 0 runs, 1 hit, 0 errors, 1 left on base; Chicago 2 - Los Angeles 3 |
TOP OF THE 6TH |
Chicago Cubs batting - Pitching for Los Angeles Dodgers : RHP Jeremy Stock
|
Batting: RHB Efrain Vargas
|
0-0: Ball 1-0: Foul Ball, location: 2F 1-1: Foul Ball, location: 2F 1-2: Ball 2-2: Ball 3-2: SINGLE (Line Drive, 3D, EV 95.6 MPH)
|
Pitching: LHP Gavin White
|
|
Batting: LHB Kevin Norton
|
0-0: Called Strike 0-1: Ball 1-1: Ball Wild Pitch! Efrain Vargas to second 2-1: Fly out, F8 (Flyball, 8RM, EV 81.2 MPH)
|
Batting: RHB Steve Bartman Jr.
|
0-0: Foul Ball, location: 2F 0-1: Called Strike 0-2: Ball 1-2: Foul Ball, location: 2F 1-2: Ball 2-2: Foul Ball, location: 2F 2-2: Fly out, F9 (Flyball, 9LS, EV 90.6 MPH)
|
Batting: RHB Alan Oxenrider
|
0-0: Called Strike 0-1: Foul Ball, location: 2F 0-2: Ball 1-2: Strikes out looking
|
Top of the 6th over - 0 runs, 1 hit, 0 errors, 1 left on base; Chicago 2 - Los Angeles 3 |
BOTTOM OF THE 6TH |
Los Angeles Dodgers batting - Pitching for Chicago Cubs : LHP Unkei Wakamatsu
|
Batting: RHB Ben Mischnick
|
0-0: Ball 1-0: Called Strike 1-1: Swinging Strike 1-2: Strikes out swinging
|
Batting: RHB Tsutomu Irie
|
0-0: Ball 1-0: Called Strike 1-1: Foul Ball, location: 2F 1-2: Ground out 4-3 (Groundball, 4, EV 101.2 MPH)
|
Batting: RHB John Piccolo
|
0-0: Ball 1-0: Ball 2-0: Ball 3-0: Called Strike 3-1: Swinging Strike 3-2: Fly out, F4 (Popup, 3D, EV 65.0 MPH)
|
Bottom of the 6th over - 0 runs, 0 hits, 0 errors, 0 left on base; Chicago 2 - Los Angeles 3 |
TOP OF THE 7TH |
Chicago Cubs batting - Pitching for Los Angeles Dodgers : LHP Gavin White
|
Pitching: RHP Joon-ho Rhee
|
|
Batting: RHB Heef Harted
|
0-0: Ball 1-0: Called Strike 1-1: Ground out 4-3 (Groundball, 4S, EV 65.0 MPH)
|
Batting: RHB Xavier Davis
|
0-0: Called Strike 0-1: Foul Ball, location: 2F 0-2: Ball 1-2: Strikes out swinging
|
Batting: LHB Andy Arbuckle
|
0-0: Ball 1-0: Ball 2-0: Ball 3-0: Base on Balls
|
Batting: RHB David Casas
|
0-0: Foul Ball, location: 2F 0-1: Fly out, F8 (Flyball, 8RS, EV 91.2 MPH)
|
Top of the 7th over - 0 runs, 0 hits, 0 errors, 1 left on base; Chicago 2 - Los Angeles 3 |
BOTTOM OF THE 7TH |
Los Angeles Dodgers batting - Pitching for Chicago Cubs : LHP Unkei Wakamatsu
|
Batting: LHB Stephen Van Raalte
|
0-0: Called Strike 0-1: Called Strike 0-2: Foul Ball, location: 2F 0-2: Ball 1-2: Strikes out swinging
|
Batting: RHB Leonardo Nava
|
0-0: Foul Ball, location: 2F 0-1: Ball 1-1: Ground out 5-3 (Groundball, 56S, EV 91.2 MPH)
|
Batting: RHB Tim Nettles
|
0-0: Called Strike 0-1: Swinging Strike 0-2: Strikes out swinging
|
Bottom of the 7th over - 0 runs, 0 hits, 0 errors, 0 left on base; Chicago 2 - Los Angeles 3 |
TOP OF THE 8TH |
Chicago Cubs batting - Pitching for Los Angeles Dodgers : RHP Joon-ho Rhee
|
Pitching: RHP Jon Harris
|
|
Batting: SHB Moe Lester
|
0-0: Ball 1-0: Ball 2-0: Foul Ball, location: 2F 2-1: Swinging Strike 2-2: Strikes out swinging
|
Batting: RHB Efrain Vargas
|
0-0: Ball 1-0: Ground out 4-3 (Groundball, 4S, EV 81.2 MPH)
|
Batting: LHB Kevin Norton
|
0-0: Called Strike 0-1: Foul Ball, location: 2F 0-2: Ball 1-2: Ball 2-2: Strikes out swinging
|
Top of the 8th over - 0 runs, 0 hits, 0 errors, 0 left on base; Chicago 2 - Los Angeles 3 |
BOTTOM OF THE 8TH |
Los Angeles Dodgers batting - Pitching for Chicago Cubs : LHP Unkei Wakamatsu
|
Batting: SHB Shane Marcum
|
0-0: Called Strike 0-1: Foul Ball, location: 2F 0-2: Ball 1-2: Foul Ball, location: 2F 1-2: Strikes out swinging
|
Batting: SHB Joel Baker
|
0-0: Ball 1-0: Ground out 4-3 (Groundball, 4M, EV 103.1 MPH)
|
Batting: RHB Danny Dyer
|
0-0: Called Strike 0-1: Ball 1-1: Ball 2-1: Ball 3-1: Foul Ball, location: 2F 3-2: Foul Ball, location: 2F 3-2: Fly out, F8 (Flyball, 8RD, EV 91.2 MPH)
|
Bottom of the 8th over - 0 runs, 0 hits, 0 errors, 0 left on base; Chicago 2 - Los Angeles 3 |
TOP OF THE 9TH |
Chicago Cubs batting - Pitching for Los Angeles Dodgers : RHP Jon Harris
|
Pitching: RHP Bo Chia
|
|
Batting: RHB Steve Bartman Jr.
|
0-0: Called Strike 0-1: Ball 1-1: Ball 2-1: Called Strike 2-2: Ball 3-2: Base on Balls
|
Batting: RHB Alan Oxenrider
|
0-0: Ball 1-0: Grounds into double play, 6-4-3 (Groundball, 56, EV 106.2 MPH)
|
Batting: RHB Heef Harted
|
0-0: Ball 1-0: Swinging Strike 1-1: Ball 2-1: Ground out 4-3 (Groundball, 4, EV 102.5 MPH)
|
Top of the 9th over - 0 runs, 0 hits, 0 errors, 0 left on base; Chicago 2 - Los Angeles 3 |
|